 Dungeon Crawl Stone Soup version 0.30-a0-639-g3916f1956a (webtiles) character file.

Game seed: 2914578997942544630

1484 mhtbhm the Magician (level 8, -6/43 HPs)
             Began as a Gargoyle Earth Elementalist on Jan 16, 2023.
             Was an Elder of Ashenzari.
             Killed from afar by a steam dragon (30 damage)
             ... with a ball of steam
             ... on level 7 of the Dungeon.
             The game lasted 00:23:15 (6431 turns).

mhtbhm the Magician (Gargoyle Earth Elementalist)   Turns: 6431, Time: 00:23:15

Health: -6/43      AC:  8    Str: 11    XL:     8   Next: 79%
Magic:  14/18      EV: 10    Int: 19    God:    Ashenzari [****..]
Gold:   968        SH:  6    Dex: 10    Spells: 5/21 levels left

rFire   x . .      SeeInvis +    e - +0 mace of the Eye in the Sky {Comp, Bglg} (curse)
rCold   + . .      Faith    .    c - +0 kite shield of Ashenzari's Levity {Elem, Bglg} (curse)
rNeg    + . .      Spirit   .    a - +0 robe "Tethered Prison" {Evo, Comp} (curse)
rPois   ∞          Reflect  .    (no helmet)
rElec   +          Harm     .    (no cloak)
rCorr   .          Rampage  .    (no gloves)
Will    .....      Clarity  +    m - +0 pair of boots "Gnosis of Ashenzari" {Fort, Range} (curse)
Stlth   +++                      (no amulet)
HPRegen 0.27/turn                k - ring "Tethered Visionary" {Wiz, Alch, Elem} (curse)
MPRegen 0.16/turn                o - ring of Ashenzari's Polytheism {Ice, Melee, Cun} (curse)

@: no status effects
A: sickness immunity, AC +5, negative energy resistance 1, electricity
resistance, torment resistance 1, petrification resistance
a: Renounce Religion, Shatter the Chains


You were on level 7 of the Dungeon.
You worshipped Ashenzari.
Ashenzari was greatly pleased with you.
You visited 1 branch of the dungeon, and saw 7 of its levels.

You collected 968 gold pieces.

Inventory:

Hand Weapons
 e - the cursed +0 mace of the Eye in the Sky (weapon) {Comp, Bglg}
   (You found it on level 1 of the Dungeon)

   It has a curse which improves the following skills: Companions: Summonings
   and Necromancy.
   Beguiling: Conjurations, Hexes and Translocations.
Missiles
 i - 16 poisoned darts (quivered)
Armour
 a - the cursed +0 robe "Tethered Prison" (worn) {Evo, Comp}

   It has a curse which improves the following skills: Evocations: Evocations.
   Companions: Summonings and Necromancy.
 c - the cursed +0 kite shield of Ashenzari's Levity (worn) {Elem, Bglg}
   (You took it off a gnoll sergeant on level 7 of the Dungeon)

   It has a curse which improves the following skills: Elements: Fire Magic, Ice
   Magic, Air Magic and Earth Magic.
   Beguiling: Conjurations, Hexes and Translocations.
 m - the cursed +0 pair of boots "Gnosis of Ashenzari" (worn) {Fort, Range}
   (You found it on level 5 of the Dungeon)

   It has a curse which improves the following skills: Fortitude: Armour and
   Shields.
   Ranged Combat: Ranged Weapons and Throwing.
Jewellery
 k - the cursed ring "Tethered Visionary" (left hand) {Wiz, Alch, Elem}
   (You found it on level 4 of the Dungeon)

   [ring of wizardry]

   It improves your spell success rate.
   It has a curse which improves the following skills: Alchemy: Poison Magic and
   Transmutations.
   Elements:  Fire Magic, Ice Magic, Air Magic and Earth Magic.
 o - the cursed ring of Ashenzari's Polytheism (right hand) {Ice, Melee, Cun}
   (You found it on level 5 of the Dungeon)

   [ring of ice]

   It enhances your ice magic.
   rF:        It makes you vulnerable to fire.
   rC:        It protects you from cold.
   It has a curse which improves the following skills: Melee Combat: Short
   Blades, Long Blades, Axes, Maces & Flails, Polearms, Staves and Unarmed
   Combat.
   Cunning:   Dodging and Stealth.
Wands
 p - a wand of flame (17)
 t - a wand of iceblast (9)
 u - a wand of paralysis (13)
Scrolls
 d - 2 scrolls of teleportation
 f - 8 scrolls of identify
 h - 2 scrolls of vulnerability
 j - 2 scrolls of immolation
 n - 2 scrolls of blinking
 s - a scroll of butterflies
 v - a scroll of fear
Potions
 b - 4 potions of magic
 g - a potion of brilliance
 l - a potion of attraction
 q - a potion of might
 r - a potion of berserk rage


   Skills:
 + Level 1.2 Fighting
 - Level 0.4(2.1) Axes
 + Level 3.1(4.9) Maces & Flails
 - Level 0.3(2.2) Staves
 + Level 1.5(2.9) Throwing
 + Level 2.3(3.9) Dodging
 + Level 3.5(5.3) Stealth
 + Level 7.0 Spellcasting
 - Level 0.2(1.0) Summonings
 - Level 0.2(1.0) Necromancy
 + Level 1.2(2.5) Transmutations
 + Level 1.6(3.6) Fire Magic
 - Level 6.4(9.4) Earth Magic


You had 5 spell levels left.
You knew the following spells:

 Your Spells              Type           Power      Damage    Failure   Level
a - Sandblast             Erth           84%        2d18      1%          1
b - Passwall              Tmut/Erth      24%        N/A       1%          2
c - Stone Arrow           Conj/Erth      50%        3d10      6%          3
d - Petrify               Tmut/Erth      29%        N/A       12%         4
e - Scorch                Fire           40%        2d7       4%          2
f - Flame Wave            Conj/Fire      14%        2d6       50%         4

Your spell library contained the following spells:

 Spells                   Type           Power      Damage    Failure   Level
 Vhi's Electric Charge    Tloc/Air       16%        N/A       34%         3
 Arcjolt                  Conj/Air       4%         1d14      96%         5
 Summon Cactus Giant      Summ           5%         N/A       100%        6
 Maxwell's Capacitive Co  Air            4%         ∞         100%        8


Dungeon Overview and Level Annotations

Branches:
Dungeon (7/15)             Temple (0/1) D:4

Altars:
Ashenzari
Qazlal
Vehumet
Xom
Zin
The Shining One


Innate Abilities, Weirdness & Mutations

You are immune to sickness and miasma.
Your stone body is resilient. (AC +5)
You are immune to poison.
You resist negative energy. (rN+)
You are resistant to electric shocks. (rElec)
You are resistant to unholy torment.
You are immune to petrification.


Message History

Found an escape hatch in the floor.
You aren't wearing any cursable items.
Unknown command.
You open the door.
Found a +0 plate armour.
There is an open door here.
Found a +0 robe.
You start putting on your armour.
You continue putting on your +0 pair of boots. x4
You finish putting on your +0 pair of boots.
Your +0 pair of boots glows black for a moment.
A steam dragon comes into view.
A steam dragon is nearby!
Unknown command.
Casting: Sandblast (safe; 1% risk of failure)
Confirm with . or Enter, or press ? or * to list all spells.
Aiming: Sandblast (safe; 1% risk of failure)
Press: ? - help, Shift-Dir - straight line, f - steam dragon
Aim: a steam dragon (asleep, 100% to hit)
The blast of sand hits the steam dragon.
The steam dragon is lightly wounded.
The steam dragon hisses angrily.
You hear the brisk hiss of a distant avalanche of sand.
Unknown command.
Unknown command.
Casting: Sandblast (safe; 1% risk of failure)
Confirm with . or Enter, or press ? or * to list all spells.
Aiming: Stone Arrow (dangerous; 6% risk of failure)
Press: ? - help, Shift-Dir - straight line, f/p - steam dragon
Aim: a steam dragon (lightly wounded, 71% to hit)
The stone arrow misses the steam dragon.
The steam dragon breathes steam at you. The ball of steam hits you!
The steam scalds you terribly!
Unknown command.
Unknown command.
You are engulfed in a cloud of scalding steam.
The steam dragon breathes steam at you. The ball of steam hits you!!
The steam scalds you terribly!
Ouch! That really hurt!
You die...

#...........................#..
#........................>>.#..
#................######.....'..
####+##+###......#....#.....#+#
*,,,,,,,,########...[#.....#,,
*,,,,,,,,#......#....####'##,,
*,,,,,,,,#.....##....##...#,,,
*,,,,,,,,#....§##....##...#,,,
*,,,,,,,,#.D§@§.§§........#,,,
*,,,**,,,#....§...........#,,,
******,,,#................#***
*,,,,#.........[......#*,,
*,,,,#................#,,,
*,,,,#................+,,,
**********####+####...##...#,,,
*,,,,,*,,,***,,,**#...##...#,,,
*,,,,,+,,,,,,,,,,*,,,,,*,,,*,,,


You could see a steam dragon (catching breath).

Vanquished Creatures
  Sigmund (D:3)
  2 ogres (D:5)
  2 necrophages (D:6)
  2 bullfrogs
  A gnoll sergeant (D:7)
  A scorpion (D:5)
  A howler monkey (D:6)
  2 hounds
  An orc priest (D:4)
  5 jellies
  4 orc wizards
  4 iguanas
  9 gnolls
  6 adders
  3 shadow imps
  A white imp (D:6)
  An ufetubus (D:7)
  3 worms
  2 dart slugs
  17 orcs
  10 ball pythons
  5 endoplasms
  5 giant cockroaches
  8 goblins
  7 hobgoblins
  12 jackals
  3 quokkas
  4 bats
  A frilled lizard (D:2)
  5 kobolds
  6 rats
134 creatures vanquished.

Notes
Turn   | Place    | Note
-------+----------+-------------------------------------------
     0 | D:1      | mhtbhm the Gargoyle Earth Elementalist began the quest for
                  | the Orb.
     0 | D:1      | Reached XP level 1. HP: 10/10 MP: 3/3
    93 | D:1      | Reached XP level 2. HP: 12/15 MP: 0/5
   162 | D:1      | Learned a level 2 spell: Passwall
   348 | D:1      | Reached XP level 3. HP: 19/19 MP: 4/6
   618 | D:1      | Learned a level 3 spell: Stone Arrow
   631 | D:1      | Found a faded altar of an unknown god.
   644 | D:1      | Prayed at the altar of an unknown god.
   644 | D:1      | Became a worshipper of Ashenzari the Shackled
  1037 | D:2      | Reached XP level 4. HP: 24/24 MP: 5/7
  1349 | D:2      | Reached * piety under Ashenzari
  1679 | D:3      | Identified the +1 leather armour of the Stag {rPois rF-
                  | Dex+4 Slay+5}
  1745 | D:3      | Reached skill level 5 in Earth Magic
  2144 | D:3      | Noticed Sigmund
  2153 | D:3      | Killed Sigmund
  2154 | D:3      | Reached skill level 3 in Spellcasting
  2154 | D:3      | Reached XP level 5. HP: 26/28 MP: 0/10
  2154 | D:3      | Reached XP level 6. HP: 29/32 MP: 0/11
  2407 | D:4      | Reached skill level 4 in Spellcasting
  2576 | D:4      | Found a radiant altar of Vehumet.
  2701 | D:4      | Reached skill level 1 in Maces & Flails
  2701 | D:4      | Reached skill level 1 in Throwing
  2731 | D:4      | Found a staircase to the Ecumenical Temple.
  2878 | D:4      | Found a glowing golden altar of the Shining One.
  3259 | D:5      | Entered Level 5 of the Dungeon
  3293 | D:5      | Learned a level 4 spell: Petrify
  3315 | D:5      | Reached skill level 1 in Transmutations
  3315 | D:5      | Reached XP level 7. HP: 32/36 MP: 4/13
  3418 | D:5      | Found a shimmering altar of Xom.
  3640 | D:5      | Reached skill level 5 in Spellcasting
  4011 | D:5      | Found a stormy altar of Qazlal.
  4186 | D:5      | Reached ** piety under Ashenzari
  4807 | D:6      | Reached XP level 8. HP: 42/42 MP: 9/16
  4877 | D:6      | Reached skill level 6 in Spellcasting
  5081 | D:6      | Reached skill level 1 in Fighting
  5099 | D:6      | Learned a level 2 spell: Scorch
  5104 | D:6      | Learned a level 4 spell: Flame Wave
  5838 | D:6      | Found a glowing silver altar of Zin.
  5886 | D:6      | Found a broken altar of Ashenzari.
  5893 | D:6      | Identified a scroll of acquirement
  6079 | D:7      | Acquired 733 gold pieces
  6150 | D:7      | Reached skill level 1 in Fire Magic
  6262 | D:7      | Reached *** piety under Ashenzari
  6296 | D:7      | Reached skill level 7 in Spellcasting
  6421 | D:7      | Reached **** piety under Ashenzari
  6431 | D:7      | Killed from afar by a steam dragon

Illustrated notes

Levels and vault maps discovered:
D:1:      ebering_trefoil_twist, layout_rooms,
          hellmonk_ecumenical_altar_zigzags, serial_corexii_hall,
          corexii_hall_statues_u, corexii_hall_statues_x
D:2:      layout_basic
D:3:      layout_loops_ring, uniq_sigmund
D:4:      layout_cave_pools, nicolae_tso_swordbearing_angel,
          fiery_altar_vehumet, minmay_temple_entry_antechambers,
          serial_bayou_lagoon_b
D:5:      layout_cave_pods, xom_butterflies,
          mainiacjoe_overflow_small_starburst, minmay_statues_item,
          corexii_checkpoint_a, hangedman_decor_riveting
D:6:      layout_loops_ring, evilmike_ruin_ashenzari, kennysheep_little_box,
          hangedman_abyss_or_decor_passed
D:7:      layout_gridville, cheibrodos_worm_habitat,
          nicolae_ossuary_entry_catacombs

Skill      XL: |  1  2  3  4  5  6  7  8 |
---------------+-------------------------+-----
Earth Magic    | 4 5 6 |  6.4
Dodging        | 2 |  2.3
Spellcasting   | 3 4 5 7 |  7.0
Maces & Flails | 1 3 |  3.1
Throwing       | 1 |  1.5
Transmutations | 1 |  1.2
Stealth        | 3 |  3.5
Fighting       | 1 |  1.2
Fire Magic     | 1 |  1.6
Axes           | |  0.4
Staves         | |  0.3
Summonings     | |  0.2
Necromancy     | |  0.2

Action                   |  1- 3 |  4- 6 |  7- 9 || total
-------------------------+-------+-------+-------++-------
Melee: Mace              |    41 |     6 |    23 ||    70
       Unarmed           |     1 |       |       ||     1
Throw: Dart              |       |    14 |     6 ||    20
 Cast: Sandblast         |    44 |    53 |    36 ||   133
       Stone Arrow       |       |     5 |    47 ||    52
       Scorch            |       |       |     4 ||     4
Invok: Curse Item        |     1 |     1 |     4 ||     6
Evoke: Wand              |       |       |     1 ||     1
  Use: Potion            |       |     1 |       ||     1
       Scroll            |       |       |     2 ||     2
Armor: Robe              |    45 |     4 |    10 ||    59
Dodge: Dodged            |    85 |     4 |    27 ||   116
Block: Kite shield       |       |       |     1 ||     1

Table legend: (Time is in decaauts)
 A = Elapsed time spent in this place.
 B = Non-inter-level travel time spent in this place.
 C = Inter-level travel time spent in this place.
 D = Time resting spent in this place.
 E = Time spent auto-exploring this place.
 F = Levels seen in this place.
 G = Mean time per level.
                   A        B        C        D        E       F      G
               +--------+--------+--------+--------+--------+-----+--------+
         Total |   6533 |   6521 |     12 |   1054 |   4164 |   7 |  933.3 |
       Dungeon |   6533 |   6521 |     12 |   1054 |   4164 |   7 |  933.3 |
               +--------+--------+--------+--------+--------+-----+--------+

Top non-repeatable levels by time:
     D:5: 1549 daAuts
     D:6: 1288 daAuts
     D:1: 1004 daAuts
     D:4: 930 daAuts
     D:2: 718 daAuts
     D:3: 683 daAuts
     D:7: 358 daAuts
